AoeStats
← Ten Letters

Black Forest

503666895Analyzed
2v2 RM · 1mo ago on Sep 1, 2026· 91m 54s· 4 players
Game mode
Random Map
Map size
Medium (4 player)
Population
200
Speed
Normal
Resources
Standard
Victory
Conquest
Starting age
Dark Age
Ending age
Imperial Age
RankedLock teamsTeams togetherTeam positionsShared explorationLock speedFull tech treeHidden civsTurbo modeCheats
Victory
Defeat
🇨🇱 Britons · Chile
780
+17
🇨🇱 Turks · Chile
735
+19
🇬🇧 Britons · United Kingdom
800
-47
🇪🇸 Bulgarians · Spain
791
-18
rolandito
0:27 Loom
14:03 Feudal Age
18:04 Wheelbarrow
17:13 Horse Collar
20:21 Castle Age
19:09 Gold Mining
19:12 Stone Mining
19:35 Double-Bit Axe
22:47 Gold Shaft Mining
24:43 Town Watch
29:47 Hand Cart
31:39 Forging
33:03 Town Patrol
33:33 Bow Saw
37:33 Imperial Age
35:32 Caravan
37:59 Elite Janissary
39:40 Scale Barding Armor
40:11 Iron Casting
39:26 Fletching
39:37 Padded Archer Armor
39:45 Thumb Ring
40:03 Ballistics
42:18 Heavy Plow
43:11 Bloodlines
43:03 Husbandry
43:26 Conscription
47:53 Chain Barding Armor
48:34 Blast Furnace
47:29 Bodkin Arrow
47:49 Leather Archer Armor
52:54 Masonry
52:25 Treadmill Crane
53:12 Parthian Tactics
59:57 Two-Man Saw
60:17 Plate Barding Armor
59:42 Bracer
60:13 Ring Archer Armor
lucasso
0:31 Loom
13:56 Feudal Age
14:52 Double-Bit Axe
22:46 Castle Age
20:57 Stone Mining
22:20 Horse Collar
26:13 Wheelbarrow
25:42 Town Watch
26:38 Bow Saw
26:23 Gold Mining
26:42 Heavy Plow
28:09 Hand Cart
34:06 Imperial Age
33:02 Gold Shaft Mining
32:42 Town Patrol
35:24 Conscription
34:26 Elite Longbowman
34:47 Crossbowman
37:11 Two-Man Saw
36:44 Yeomen
38:59 Fletching
39:56 Murder Holes
42:48 Hoardings
42:48 Bodkin Arrow
42:55 Padded Archer Armor
44:37 Ballistics
44:29 Masonry
46:47 Bracer
50:27 Leather Archer Armor
51:17 Chemistry
50:38 Capped Ram
53:26 Husbandry
53:23 Arbalester
53:33 Cavalier
54:23 Caravan
63:38 Forging
63:35 Scale Barding Armor
64:55 Iron Casting
66:17 Chain Barding Armor
66:31 Ring Archer Armor
66:43 Guilds
74:40 Blast Furnace
74:42 Plate Barding Armor
74:40 Light Cavalry
78:14 Fortified Wall
82:40 Warwolf
83:14 Elite Skirmisher
83:59 Guard Tower
83:55 Treadmill Crane
84:47 Architecture
84:31 Siege Engineers
Hagerbows
15:23 Feudal Age
17:02 Feudal Age
20:53 Castle Age
18:56 Double-Bit Axe
19:56 Horse Collar
20:09 Gold Mining
20:09 Stone Mining
26:43 Loom
27:47 Town Watch
29:43 Heavy Plow
32:03 Wheelbarrow
33:43 Scale Barding Armor
33:48 Forging
34:20 Hand Cart
34:27 Bow Saw
35:15 Iron Casting
36:38 Chain Barding Armor
36:48 Town Patrol
41:24 Imperial Age
40:16 Stirrups
43:22 Blast Furnace
42:57 Plate Barding Armor
43:15 Gold Shaft Mining
43:15 Stone Shaft Mining
43:54 Chemistry
43:01 Capped Ram
43:52 Elite Konnik
44:32 Siege Ram
50:38 Conscription
51:42 Onager
52:49 Ballistics
52:39 Siege Engineers
54:20 Siege Onager
60:27 Fletching
60:37 Padded Archer Armor
63:31 Pikeman
64:12 Squires
69:23 Scale Mail Armor
71:04 Chain Mail Armor
74:46 Bagains
Ten Letters
12:47 Feudal Age
11:03 Loom
14:23 Double-Bit Axe
17:24 Forging
17:15 Scale Mail Armor
17:05 Fletching
17:16 Padded Archer Armor
17:10 Gold Mining
17:15 Stone Mining
21:20 Wheelbarrow
21:30 Arson
27:47 Castle Age
25:33 Town Watch
28:06 Pikeman
28:48 Squires
29:28 Iron Casting
29:09 Chain Mail Armor
29:23 Crossbowman
30:02 Horse Collar
31:29 Caravan
32:22 Heavy Plow
32:55 Bow Saw
33:48 Leather Archer Armor
34:00 Bodkin Arrow
35:23 Hand Cart
36:35 Gold Shaft Mining
38:07 Town Patrol
40:14 Yeomen
44:40 Imperial Age
43:27 Elite Skirmisher
46:25 Chemistry
45:47 Ballistics
46:44 Fortified Wall
46:31 Murder Holes
47:32 Bracer
48:03 Ring Archer Armor
48:16 Halberdier
50:14 Plate Mail Armor
49:40 Guard Tower
52:55 Warwolf
52:32 Elite Longbowman
54:45 Hoardings
56:00 Keep
57:28 Blast Furnace
58:35 Two-Man Saw
57:43 Arrowslits
58:09 Masonry
58:16 Heated Shot
59:54 Architecture
59:47 Siege Engineers
62:39 Onager
62:39 Heavy Scorpion
65:20 Conscription
66:28 Arbalester
67:28 Treadmill Crane
Connection lost

Rejoining the realm…

Still unreachable

The connection could not be restored.

Session expired

The server has moved on; the page needs a fresh start.